 Dungeon Crawl Stone Soup version 0.24-a0-549-g45f0056d81 (webtiles) character file.

Game seed: 3170487499877497097

15906 Gargoyl the Cleaver (level 12, -13/101 HPs)
             Began as a Centaur Abyssal Knight on Aug 20, 2019.
             Was an Elder of Lugonu.
             Mangled by a tyrant leech (26 damage)
             ... on level 2 of the Lair of Beasts.
             The game lasted 00:23:45 (16671 turns).

Gargoyl the Cleaver (Centaur Abyssal Knight)       Turns: 16671, Time: 00:23:45

Health: -13/101    AC: 11    Str: 24    XL:     12   Next: 5%
Magic:  19/19      EV: 12    Int: 11    God:    Lugonu [****..]
Gold:   789        SH:  4    Dex: 16    Spells: 11/11 levels left

rFire    x . .     SeeInvis .   u - +3 hand axe (venom)
rCold    + . .     Gourm    .   H - +0 buckler (curse)
rNeg     . . .     Faith    .   g - +1 ring mail
rPois    .         Spirit   .   E - +2 hat {MR+}
rElec    .         Reflect  .   s - +0 cloak
rCorr    .         Harm     .   (no gloves)
MR       +....                  (no barding)
Stlth    ..........             (no amulet)
HPRegen  0.26/turn              e - +6 ring of strength
MPRegen  0.16/turn              l - ring "Irhameiq" {Ice Dex+5 Stlth-}

@: very quick
A: large, hooves 3, deformed body, speed 2, tough skin 3
a: Depart the Abyss, Bend Space, Banish, Corrupt, Renounce Religion


You were on level 2 of the Lair of Beasts.
You worshipped Lugonu.
Lugonu was greatly pleased with you.
You were hungry.

You visited 2 branches of the dungeon, and saw 12 of its levels.
You visited the Abyss 1 time.
You also visited: Sewer.

You collected 789 gold pieces.

Inventory:

Hand Weapons
 q - a +2 hand axe of draining
 u - a +3 hand axe of venom (weapon)
 w - a +0 hand axe of flaming
 x - the +6 great sword "Xuocaoff" {holy, rN+++ MR- Dex+5 SInv}
   (You found it on level 2 of the Lair of Beasts)

   It has been blessed by the Shining One to cause great damage to the undead
   and demons.
   It affects your dexterity (+5).
   It renders you almost immune to negative energy.
   It affects your resistance to hostile enchantments.
   It lets you see invisible.
Armour
 g - a +1 ring mail (worn)
 s - a +0 cloak (worn)
 A - a scarf of cloud immunity
 E - a +2 hat of magic resistance (worn)
 H - a cursed +0 buckler (worn)
Jewellery
 e - a +6 ring of strength (left hand)
 l - the ring "Irhameiq" (right hand) {Ice Dex+5 Stlth-}
   (You found it on level 4 of the Dungeon)

   [ring of ice]

   It enhances your ice magic.
   It affects your dexterity (+5).
   It makes you vulnerable to fire.
   It protects you from cold.
   It makes you less stealthy.
 v - an uncursed ring of protection from fire
 D - an uncursed ring of positive energy
 F - an uncursed ring of protection from fire
 I - an uncursed ring of wizardry {unknown}
Wands
 m - a wand of random effects (38)
 n - a wand of iceblast (17)
 o - a wand of polymorph (13)
 y - a wand of flame (44)
Scrolls
 a - 7 scrolls of identify
 k - 5 scrolls of remove curse
 r - a scroll of magic mapping
 B - a scroll of enchant weapon {unknown}
 G - 3 scrolls of fear
 K - a scroll of fog
 L - a scroll of enchant armour
Potions
 b - 2 potions of cancellation
 d - a potion of heal wounds
 f - 4 potions of flight
 h - 2 potions of might
 j - a potion of curing
 p - a potion of ambrosia {unknown}
 t - a potion of brilliance {unknown}
 z - a potion of berserk rage {unknown}
 C - 2 potions of haste {unknown}
 J - a potion of degeneration {unknown}
Comestibles
 c - 33 rations
 i - 21 chunks of flesh


   Skills:
 + Level 7.8 Fighting
 + Level 9.6(9.7) Axes
   Level 1.4(6.2) Maces & Flails
 * Level 7.5 Armour
 * Level 6.0 Dodging
 + Level 1.3 Shields
 * Level 9.4 Invocations
 + Level 1.4 Evocations


You had 11 spell levels left.
You didn't know any spells.
Your spell library contained the following spells:

 Spells                   Type           Power        Failure   Level  Hunger
 Confusing Touch          Hex            #.....       54%         1    ##.....
 Corona                   Hex            #......      54%         1    ##.....
 Summon Small Mammal      Summ           #...         54%         1    ##.....
 Call Imp                 Summ           #.......     69%         2    ###....
 Slow                     Hex            #.......     69%         2    ###....
 Call Canine Familiar     Summ           #.......     89%         3    ####...
 Confuse                  Hex            #.......     89%         3    ####...
 Gell's Gravitas          Tloc           #.........   89%         3    ####...
 Inner Flame              Hex/Fire       #.......     89%         3    ####...
 Portal Projectile        Hex/Tloc       #.....       89%         3    ####...
 Summon Guardian Golem    Hex/Summ       #.......     89%         3    ####...
 Cause Fear               Hex            #.........   100%        4    #####..
 Leda's Liquefaction      Hex/Erth       #.........   100%        4    #####..
 Petrify                  Tmut/Erth      #.......     100%        4    #####..
 Summon Ice Beast         Ice/Summ       #.......     100%        4    #####..
 Summon Lightning Spire   Summ/Air       #.......     100%        4    #####..
 Metabolic Englaciation   Hex/Ice        #.........   100%        5    ######.
 Yara's Violent Unravell  Hex/Tmut       #.........   100%        5    ######.


Dungeon Overview and Level Annotations

Branches:
Dungeon (10/15)            Temple (0/1) D:6            Lair (2/6) D:10
 Spider (0/4) Lair:2
  Swamp: Lair:2-4    Shoals: Lair:2-4       Orc: D:9-12

Altars:
Kikubaaqudgha
Nemelex Xobeh
Okawaru
Qazlal
Trog
Vehumet
Wu Jian
Zin

Shops:
D:7 *}}=%

Annotations:
Lair:2 1 transporter, corrupted


Innate Abilities, Weirdness & Mutations

You have hooves in place of feet.
Armour fits poorly on your strangely shaped body.
You cover ground very quickly.
You have extremely tough skin. (AC +3)


Message History

The tyrant leech is severely wounded.
You block the tyrant leech's attack.
You miss the tyrant leech. You kick the tyrant leech.
The tyrant leech is severely wounded.
The tyrant leech bites you!
* * * LOW HITPOINT WARNING * * *
The tyrant leech draws strength from your injuries!
Unknown command.
You slash the tyrant leech!
The tyrant leech looks as sick as possible!
You kick the tyrant leech, but do no damage.
The tyrant leech is almost dead.
Unknown command.
You are feeling hungry.
You hit the tyrant leech but do no damage.
The tyrant leech looks as sick as possible!
Your kick misses the tyrant leech.
The tyrant leech is almost dead.
The tyrant leech bites you!!
You die...

.........#.....#.#
+≈≈≈..#..##
.........#.#P....#
..≈.......# ........
...>... # s.≈≈^^.##.#
....... ......##
s.≈≈......# +≈≈≈##....#
..^.......# ###
#^..###..###
#.#######.^...#.###
####w@...##.#......#.#
#.....................÷##
##....................##
#.....................#
#......................#
##.♣♣♣♣♣#P.#.#.#....####
#♣ ♣P..#.##....P#
♣....#......##
♣...........#


You could see a tyrant leech.

Vanquished Creatures
  Gastronok (D:9)
  A hydra (Lair:1)
  A two-headed ogre (D:8)
  An unseen horror (D:10)
  Pikel (D:5)
  A moth of wrath (Lair:2)
  3 spiny frogs
  The ghost of Gall2222 the Cudgeler, an amateur OgGl of Okawaru (D:4)
  3 komodo dragons
  3 trolls
  A tengu conjurer (D:10)
  Grinder (D:5)
  Prince Ribbit (D:5)
  A hornet (Lair:2)
  2 hippogriffs (Lair:2)
  A spriggan (Lair:2)
  12 yaks
  A hungry ghost (D:10)
  3 water moccasins
  2 slaves (D:5)
  A black bear (D:7)
  A sky beast (D:5)
  An orc warrior (D:5)
  A phantom (D:4)
  7 ogres
  4 centaurs
  8 wolves
  A big kobold (Sewer)
  3 crocodiles
  7 bullfrogs
  A gnoll sergeant (D:7)
  A scorpion (D:6)
  3 wights (D:6)
  4 electric eels
  5 crimson imps
  A bullfrog zombie (D:6)
  2 centaur zombies
  4 jellies
  A centaur skeleton (D:8)
  7 orc priests
  11 hounds
  11 orc wizards
  Crazy Yiuf (D:5)
  A bullfrog skeleton (D:4)
  10 worker ants
  2 hound skeletons
  2 worker ant zombies
  7 gnolls
  15 adders
  2 river rats (Sewer)
  2 shadow imps
  An ooze (D:2)
  An adder zombie (D:7)
  An adder skeleton (D:9)
  5 worms
  2 dart slugs
  7 leopard geckos
  45 orcs
  3 ball pythons
  6 giant cockroaches
  14 goblins
  11 hobgoblins
  13 jackals
  4 quokkas
  8 bats
  6 frilled lizards
  A jackal skeleton (D:8)
  9 kobolds
  10 rats
  A plant (Lair:2)
316 creatures vanquished.

Vanquished Creatures (others)
  The ghost of Jaecselu the Covert, a journeyman HuAr of Trog (Lair:2)
  A moth of wrath (Lair:2)
  2 spiny frogs (Lair:2)
  2 hornets (Lair:2)
  2 yaks (Lair:2)
  3 spriggans (Lair:2)
  A slave (D:5)
  2 electric eels (Lair:2)
  2 plants (Lair:2)
  12 starspawn tentacles (Lair:2)
28 creatures vanquished.

Grand Total: 344 creatures vanquished

Notes
Turn   | Place    | Note
-------+----------+-------------------------------------------
     0 | Abyss:1  | Gargoyl the Centaur Abyssal Knight began the quest for the
                  | Orb.
     0 | Abyss:1  | Reached XP level 1. HP: 19/19 MP: 2/2
     5 | Abyss:1  | Found a blossoming altar of Fedhas.
    50 | Abyss:1  | Noticed an efreet
    86 | Abyss:2  | Noticed a lich
    93 | D:1      | Escaped the Abyss
   360 | D:1      | Reached XP level 2. HP: 26/26 MP: 3/3
   604 | D:1      | Reached skill level 1 in Dodging
   707 | D:1      | Reached * piety under Lugonu
   878 | D:1      | Reached XP level 3. HP: 28/31 MP: 4/4
  1251 | D:2      | You fall into a shaft and drop 2 floors!
  1269 | D:4      | Noticed a phantom
  1273 | D:4      | Found a glowing drain.
  1286 | Sewer    | Entered a sewer
  1413 | Sewer    | Noticed a big kobold
  1429 | Sewer    | Killed a big kobold
  1429 | Sewer    | Reached XP level 4. HP: 25/40 MP: 2/6
  1429 | Sewer    | Reached XP level 5. HP: 28/46 MP: 2/7
  1557 | Sewer    | Found a white marble altar of Elyvilon.
  1636 | D:4      | Killed a phantom
  1942 | D:4      | Reached XP level 6. HP: 44/52 MP: 8/8
  1970 | D:4      | Got a scorched brass ring
  1981 | D:4      | Identified the ring "Irhameiq" {Ice Dex+5 Stlth-} (You
                  | found it on level 4 of the Dungeon)
  2074 | D:3      | Found a faded altar of an unknown god.
  2089 | D:2      | Found a sparkling altar of Nemelex Xobeh.
  2420 | D:2      | Reached ** piety under Lugonu
  3119 | D:3      | Found a stormy altar of Qazlal.
  3468 | D:4      | Reached XP level 7. HP: 49/59 MP: 9/9
  3702 | D:4      | Found a runed translucent gate.
  3703 | D:4      | Found a runed translucent gate.
  3703 | D:4      | Found a runed translucent gate.
  3704 | D:4      | Noticed Gall2222's ghost (amateur OgGl)
  3721 | D:4      | HP: 2/59 [Gall2222's ghost (11)]
  3727 | D:4      | Killed Gall2222's ghost
  4086 | D:5      | Entered Level 5 of the Dungeon
  4129 | D:5      | Reached *** piety under Lugonu
  4377 | D:5      | Reached skill level 5 in Axes
  4377 | D:5      | Reached XP level 8. HP: 33/67 MP: 6/11
  4709 | D:5      | Found a runed translucent door.
  4709 | D:5      | Noticed Prince Ribbit
  4710 | D:5      | Noticed Crazy Yiuf
  4719 | D:5      | Killed Crazy Yiuf
  4764 | D:5      | Got a pitted mace
  4765 | D:5      | Identified the +7 mace "Ahodunoe" {pain, rF+ Str+9} (You
                  | found it on level 5 of the Dungeon)
  5059 | D:5      | Noticed Pikel
  5737 | D:5      | Killed Pikel
  5737 | D:5      | Reached skill level 1 in Maces & Flails
  5737 | D:5      | Reached skill level 5 in Invocations
  5793 | D:5      | Noticed Grinder
  5804 | D:5      | Killed Grinder
  6165 | D:5      | Reached skill level 1 in Evocations
  6305 | D:5      | Reached XP level 9. HP: 43/73 MP: 8/13
  6311 | D:5      | Reached skill level 5 in Fighting
  6311 | D:5      | Reached skill level 5 in Armour
  6498 | D:5      | Killed Prince Ribbit
  6709 | D:6      | Found a staircase to the Ecumenical Temple.
  7609 | D:6      | Found an iron altar of Okawaru.
  7609 | D:6      | Found an ornate altar of the Wu Jian Council.
  7609 | D:6      | Found a glowing silver altar of Zin.
  7613 | D:6      | Found an ancient bone altar of Kikubaaqudgha.
  7615 | D:6      | Found a bloodstained altar of Trog.
  8103 | D:7      | Found Hesmojui's Gadget Shop.
  8165 | D:7      | Found Zuifyczo's Assorted Antiques.
  8166 | D:7      | Found Fab Ygomm's Gadget Shop.
  8419 | D:7      | Reached **** piety under Lugonu
  8748 | D:7      | Found Ciemn's Jewellery Shoppe.
  8818 | D:7      | Found Oppie's Food Emporium.
  9072 | D:8      | Noticed a two-headed ogre
  9074 | D:8      | Reached XP level 10. HP: 46/83 MP: 7/14
  9243 | D:8      | Killed a two-headed ogre
  9837 | D:8      | Found a radiant altar of Vehumet.
 10015 | D:8      | Reached ***** piety under Lugonu
 10721 | D:9      | Noticed Gastronok
 11003 | D:9      | Killed Gastronok
 11003 | D:9      | Reached skill level 5 in Dodging
 11305 | D:10     | Entered Level 10 of the Dungeon
 11546 | D:10     | Killed an unseen horror
 11546 | D:10     | Reached XP level 11. HP: 65/91 MP: 11/16
 11957 | D:10     | Found a staircase to the Lair.
 12443 | Lair:1   | Entered Level 1 of the Lair of Beasts
 12536 | Lair:1   | Noticed a five-headed hydra
 12549 | Lair:1   | Killed a one-headed hydra
 13061 | Lair:2   | Found a transporter.
 13063 | Lair:2   | Noticed Jaecselu's ghost (journeyman HuAr)
 13064 | Lair:2   | Identified the +2 trident of the Fifty Places {flame, rC+
                  | Int+3 Stlth-}
 13064 | Lair:2   | Noticed a spriggan rider
 13065 | Lair:2   | Found a bloodstained altar of Trog.
 13072 | Lair:2   | Found a transporter.
 13112 | Lair:2   | Corrupted Lair:2
 13112 | Lair:2   | Noticed a thrashing horror
 13123 | Lair:2   | HP: 4/92 [electric eel/bolt of electricity (7)]
 13472 | Lair:2   | Killed Jaecselu's ghost
 13646 | Lair:2   | Got a faintly glowing great sword
 13727 | Lair:1   | Identified the +6 great sword "Xuocaoff" {holy, rN+++ MR-
                  | Dex+5 SInv} (You found it on level 2 of the Lair of Beasts)
 15759 | Lair:2   | Paralysed by a hornet for 1 turns
 15764 | Lair:2   | HP: 4/93 [poisoned by a hornet]
 15771 | Lair:2   | HP: 2/93 [poisoned by a hornet]
 15778 | Lair:2   | HP: 2/93 [poisoned by a hornet]
 15786 | Lair:2   | HP: 2/93 [poisoned by a hornet]
 16193 | Lair:2   | Reached skill level 1 in Shields
 16427 | Lair:2   | Found a hole to the Spider Nest.
 16427 | Lair:2   | Noticed an orb spider
 16458 | Lair:2   | Reached XP level 12. HP: 81/101 MP: 17/19
 16671 | Lair:2   | Mangled by a tyrant leech

Levels and vault maps discovered:
D:1:      minmay_arrival_stone_box, layout_basic, due_unseen_surprise
D:2:      layout_loops_ring, overflow_temple_1_default
D:3:      layout_basic, nicolae_overflow_hidden_temple,
          chequers_ecumenical_altar_twisty
D:4:      layout_loops_ring, cheibrodos_sewer_entry_bend,
          ebering_ghost_rock_garden, first_ration
D:5:      layout_cave_pods, st_stairs_8, kennysheep_generic_room_14,
          uniq_crazy_yiuf_cottage, uniq_prince_ribbit1, uniq_pikel, uniq_grinder
D:6:      layout_loops_cross, minitemple, minmay_temple_entry_waves
D:7:      layout_basic, serial_shops, shop, nicolae_shop_crystal, shop, shop,
          kennysheep_little_box
D:8:      layout_rooms, lemuel_round_altar, enter_bailey_3
D:9:      layout_basic, uniq_gastronok
D:10:     layout_loops_ring, erik_lair_island, grunt_tengu_nest
Lair:1:   layout_misc_corridors, lemuel_fruit_tree
Lair:2:   minmay_lair_venomous_thicket, layout_gridlike,
          minmay_swamp_entry_worms, nicolae_spider_entry_orb_guardian,
          gammafunk_ghost_wrathful_warriors, nicolae_quartered_pool_medium

Skill      XL: |  1  2  3  4  5  6  7  8  9 10 11 |
---------------+----------------------------------+-----
Dodging        | 1 2 3 4 5 6 |  6.0
Axes           | 2 3 5 6 8 9 |  9.6
Armour         | 2 3 4 6 7 |  7.5
Invocations    | 3 4 5 6 7 9 |  9.4
Fighting       | 4 5 6 7 |  7.8
Maces & Flails | 1 |  1.4
Evocations     | 1 |  1.4
Shields        | 1 |  1.3

Action                   |  1- 3 |  4- 6 |  7- 9 | 10-12 || total
-------------------------+-------+-------+-------+-------++-------
Melee: Hand axe          |    85 |   169 |   356 |   408 ||  1018
       Kick              |    17 |    38 |   134 |   159 ||   348
       Mace              |       |       |    37 |       ||    37
Invok: Depart the Abyss  |     1 |       |       |       ||     1
       Banish            |       |       |       |     6 ||     6
       Bend Space        |       |       |       |     2 ||     2
       Corrupt           |       |       |       |     1 ||     1
Evoke: Wand              |       |       |    11 |     2 ||    13
  Use: Scroll            |     2 |     9 |     8 |     2 ||    21
       Potion            |       |       |     6 |     5 ||    11
 Stab: Invisible         |       |       |     2 |       ||     2
  Eat: Chunk             |       |     7 |     8 |    18 ||    33
       Ration            |       |       |     2 |     2 ||     4
Armor: Leather armour    |     3 |       |       |       ||     3
       Ring mail         |    48 |    76 |   178 |   129 ||   431
       Skin              |       |       |       |     2 ||     2
Dodge: Dodged            |    60 |    89 |   182 |   208 ||   539
Block: Buckler           |       |       |       |    43 ||    43

Table legend:
 A = Non-vault XP
 B = Vault XP
 C = Vault XP percentage of total XP
 D = Non-vault monster count
 E = Vault monster count
 F = Vault count percentage of total count
                 A         B        C        D         E       F
            +---------+---------+-------+---------+---------+-------
      Total |   15883 |    6840 |  30.1 |     274 |      44 |  13.8
            +---------+---------+-------+---------+---------+-------
        D:1 |      59 |       0 |   0.0 |      32 |       0 |   0.0
        D:2 |      63 |       0 |   0.0 |      25 |       0 |   0.0
        D:3 |     107 |       0 |   0.0 |      24 |       0 |   0.0
        D:4 |     389 |     366 |  48.5 |      21 |       3 |  12.5
        D:5 |     943 |    1269 |  57.4 |      21 |       6 |  22.2
        D:6 |    1169 |       0 |   0.0 |      24 |       0 |   0.0
        D:7 |     948 |       0 |   0.0 |      35 |       0 |   0.0
        D:8 |    1757 |       8 |   0.5 |      27 |       4 |  12.9
        D:9 |     751 |    2151 |  74.1 |      11 |       1 |   8.3
       D:10 |    1877 |    1172 |  38.4 |      20 |       8 |  28.6
     Lair:1 |    3554 |       0 |   0.0 |      11 |       0 |   0.0
     Lair:2 |    4266 |    1736 |  28.9 |      23 |      13 |  36.1
      Sewer |       0 |     138 | 100.0 |       0 |       9 | 100.0
            +---------+---------+-------+---------+---------+-------
